 Dungeon Crawl Stone Soup version 0.31.0-4-g52a2dc7128 (webtiles) character file.

Game seed: 15189520397986440055

1618 Aviaq the Magician (level 9, -2/61 HPs)
             Began as a Djinni Ice Elementalist on Jan 21, 2024.
             Was a Believer of the Shining One.
             Slain by a white imp (4 damage)
             ... on level 6 of the Dungeon on Jan 22, 2024.
             The game lasted 00:24:30 (6732 turns).

Aviaq the Magician (Djinni Ice Elementalist)        Turns: 6732, Time: 00:24:30

Health: -2/61      AC:  2    Str: 11    XL:     9   Next: 17%
Gold:   479        EV: 14    Int: 16    God:    the Shining One [**....] SH:  0 Dex: 15

rFire   + . .        r - +0 quarterstaff
rCold   . . .        (shield currently unavailable)
rNeg    + + .        a - +0 robe
rPois   ∞            (no helmet)
rElec   .            (no cloak)
rCorr   .            (no gloves)
SInv    .            (boots unavailable)
Will    +....        (no amulet)
Stlth   +            j - ring of ice
HPRegen 0.30/turn    n - ring of positive energy
MPRegen 0.00/turn

%: clarity, infuse magic (-3 HP)
@: freezing walls, flying, glowing
A: sickness immunity, fire resistance 2, cold vulnerability 1, float, innate
caster, HP casting, extra vitality 1, clarity, strong-willed 1
a: Renounce Religion, Divine Shield


You were on level 6 of the Dungeon.
You worshipped the Shining One.
The Shining One was pleased with you.
You visited 1 branch of the dungeon, and saw 6 of its levels.

You collected 479 gold pieces.

Inventory:

Hand Weapons
 c - a +0 spear
 r - a +0 quarterstaff (weapon)
Missiles
 d - 3 throwing nets
 g - a boomerang
 q - 5 curare-tipped darts (quivered)
 s - 2 atropa-tipped darts
Armour
 a - a +0 robe (worn)
 f - an orb of wrath
 h - a +3 kite shield
Jewellery
 j - a ring of ice (left hand)
 m - a ring of magical power
 n - a ring of positive energy (right hand)
Wands
 b - a wand of polymorph (8)
 k - a wand of flame (9)
Scrolls
 o - 2 scrolls of blinking
 p - 2 scrolls of identify
Potions
 e - a potion of resistance
 i - a potion of cancellation
 l - a potion of degeneration


   Skills:
 * Level 3.2 Fighting
 * Level 2.8(2.9) Polearms
 * Level 1.0(2.2) Staves
 * Level 2.5 Throwing
 * Level 3.3 Armour
 * Level 4.4 Dodging
 * Level 3.5 Stealth
 * Level 1.9 Shields
 * Level 4.5 Spellcasting
 * Level 4.5 Conjurations
 * Level 4.5 Hexes
 * Level 4.5 Summonings
 * Level 4.5 Necromancy
 * Level 4.5 Translocations
 * Level 4.5 Fire Magic
 * Level 4.5 Ice Magic
 * Level 4.5 Air Magic
 * Level 4.5 Earth Magic
 * Level 4.5 Alchemy
 * Level 3.0 Invocations
 * Level 2.9 Evocations


You knew the following spells:

 Your Spells              Type           Power      Damage    Failure   Level
a - Freeze                Ice            100%       1d10      2%          1
b - Frozen Ramparts       Ice            54%        1d9       8%          3
c - Ozocubu's Armour      Ice            27%        N/A       8%          3
d - Summon Ice Beast      Ice/Summ       27%        N/A       8%          3
e - Summon Small Mammal   Summ           72%        N/A       2%          1
f - Scorch                Fire           36%        2d6       3%          2
g - Sigil of Binding      Hex            18%        N/A       8%          3
h - Ignite Poison         Fire/Alch      18%        N/A       24%         4
Your spell library was empty.

Dungeon Overview and Level Annotations

Branches:
Dungeon (6/15)             Temple (0/1) D:5

Altars:
Makhleb
Nemelex Xobeh
Ru
Wu Jian
The Shining One

Annotations:
D:6 2 transporters, Arctor's ghost, amateur GnHs


Innate Abilities, Weirdness & Mutations

You are immune to sickness and miasma.
You are immune to poison.
Your flesh is very heat resistant. (rF++)
You are vulnerable to cold. (rC-)
You float through the air rather than walking.
You learn spells naturally, not from books.
Your magical power is your life essence.
You have superior vitality. (+4 MHP)
You possess an exceptional clarity of mind.
You are strong-willed. (Will+)


Message History

You feel a surge of power!
The walls around you are covered in ice.
The wall freezes the killer bee.
The killer bee misses you.
The wall freezes the killer bee.
The killer bee misses you.
The wall freezes the orc wizard but does no damage.
You barely miss the killer bee.
The killer bee is moderately wounded.
The wall freezes the killer bee.
The killer bee stings you.
* * * LOW HITPOINT WARNING * * *
The wall freezes the killer bee.
The killer bee stings you.
* * * LOW HITPOINT WARNING * * *
The howler monkey hoots and howls with incredible vigour!
The white imp completely resists.
The wall freezes the white imp but does no damage.
The orc wizard hits you with a +0 dagger.
* * * LOW HITPOINT WARNING * * *
The wall freezes the killer bee.
The killer bee stings you.
* * * LOW HITPOINT WARNING * * *
You hear an angry hiss. x2
Unknown command.
You sock the killer bee!
You kill the killer bee!
The wall freezes the white imp but does no damage.
The orc wizard hits you with a +0 dagger.
* * * LOW HITPOINT WARNING * * *
The wall freezes the howler monkey.
Your base Staves skill increases to level 1!
Your Invocations skill increases to level 3!
Okay, then.
Okay, then.
Casting: Frozen Ramparts (dangerous; 8% risk of failure)
Confirm with . or Enter, or press ? or * to list all spells.
Flames lash the white imp but do no damage.
* * * LOW HITPOINT WARNING * * *
The white imp completely resists.
The wall freezes the white imp but does no damage.
The white imp hits you.
* * * LOW HITPOINT WARNING * * *
The white imp freezes you.
You die...

...............#
...............#########
...............#.......#
...............#.......#
...............#.......#
...............#.......#
...............#.......#
####...........#.o.....#
####...........#@5h....#
.....########..###....##
.....#©....O#..###....#
.....#..##WO#.......>.+
....## #..#O#..###h...#
##### #..#.#..#
#......... ..##.[#©.#
#.....###. ©....!#...
.....##
..##.$#©.####).##


You could see a howler monkey (catching breath), an orc wizard and a white imp.

Vanquished Creatures
  Grinder (D:6)
  A water moccasin (D:5)
  An ice beast (D:5)
  2 black bears
  An ogre (D:6)
  A centaur (D:6)
  A gnoll sergeant (D:5)
  2 scorpions
  A wight (D:6)
  A killer bee (D:6)
  A crimson imp (D:5)
  2 hounds
  A gnoll bouda (D:6)
  3 jellies
  2 iguanas
  An orc wizard (D:3)
  A hound zombie (D:2)
  15 gnolls
  2 adders
  A shadow imp (D:6)
  A white imp (D:5)
  3 adder skeletons (D:2)
  An adder zombie (D:2)
  2 dart slugs (D:1)
  14 orcs
  7 ball pythons
  2 bat zombies (D:2)
  7 endoplasms
  4 goblins
  6 hobgoblins
  7 jackals
  2 quokkas (D:1)
  6 bats
  A frilled lizard (D:1)
  2 kobolds
  2 rats
108 creatures vanquished.

Notes
Turn   | Place    | Note
-------+----------+-------------------------------------------
     0 | D:1      | Aviaq the Djinni Ice Elementalist began the quest for the
                  | Orb.
     0 | D:1      | Aviaq set off with the following spells memorised: Freeze,
                  | Frozen Ramparts, Ozocubu's Armour, Summon Ice Beast.
     0 | D:1      | Reached XP level 1. HP: 15/15 MP: 0/0
   129 | D:1      | Reached XP level 2. HP: 18/21 MP: 0/0
   538 | D:1      | Reached XP level 3. HP: 24/26 MP: 0/0
   538 | D:1      | Learned a level 1 spell: Summon Small Mammal
   582 | D:2      | Found a faded altar of an unknown god.
   594 | D:2      | Prayed at the altar of an unknown god.
   594 | D:2      | Became a worshipper of the Shining One
   594 | D:2      | Reached * piety under the Shining One
  1092 | D:2      | Reached skill level 1 in Fighting
  1092 | D:2      | Reached skill level 1 in Armour
  1092 | D:2      | Reached XP level 4. HP: 29/32 MP: 0/0
  1153 | D:2      | Gained mutation: You are strong-willed. (Will+) [potion of
                  | mutation]
  1153 | D:2      | Gained mutation: You possess an exceptional clarity of
                  | mind. [potion of mutation]
  1806 | D:1      | Reached skill level 1 in Polearms
  1955 | D:3      | Reached XP level 5. HP: 24/37 MP: 0/0
  1955 | D:3      | Learned a level 2 spell: Scorch
  2897 | D:4      | Found a sparkling altar of Nemelex Xobeh.
  3127 | D:4      | Noticed a black bear
  3138 | D:4      | Killed a black bear
  3139 | D:4      | Reached skill level 1 in Throwing
  3139 | D:4      | Reached skill level 1 in Invocations
  3139 | D:4      | Reached XP level 6. HP: 31/42 MP: 0/0
  3141 | D:4      | Reached skill level 1 in Evocations
  3718 | D:4      | Reached XP level 7. HP: 37/48 MP: 0/0
  3718 | D:4      | Learned a level 3 spell: Sigil of Binding
  3780 | D:4      | Found a sacrificial altar of Ru.
  3788 | D:4      | Found an ornate altar of the Wu Jian Council.
  3964 | D:5      | Entered Level 5 of the Dungeon
  4050 | D:5      | HP: 2/72 [ice beast (6)]
  4291 | D:5      | HP: 1/49 [gnoll sergeant/+0 trident (10)]
  5034 | D:5      | Reached XP level 8. HP: 45/55 MP: 0/0
  5296 | D:5      | Found a staircase to the Ecumenical Temple.
  5386 | D:5      | Reached ** piety under the Shining One
  5661 | D:5      | Found a burning altar of Makhleb.
  5948 | D:6      | Reached skill level 1 in Shields
  6602 | D:6      | Noticed Grinder
  6604 | D:6      | Paralysed by Grinder for 3 turns
  6615 | D:6      | Killed Grinder
  6616 | D:6      | Reached XP level 9. HP: 43/60 MP: 0/0
  6616 | D:6      | Learned a level 4 spell: Ignite Poison
  6673 | D:6      | Found a transporter.
  6673 | D:6      | Noticed Arctor's ghost (amateur GnHs)
  6674 | D:6      | Identified the +7 giant spiked club of Luvaseod {vamp, rC+}
  6674 | D:6      | Identified the +5 giant spiked club of the Forging Gods
                  | {venom, rF+ Dex+2}
  6674 | D:6      | Noticed a two-headed ogre
  6676 | D:6      | Found a transporter.
  6720 | D:6      | Identified the +2 robe "Ycheon" {Str+2}
  6732 | D:6      | Reached skill level 1 in Staves
  6732 | D:6      | HP: 2/61 [white imp (1)]
  6732 | D:6      | Slain by a white imp

Illustrated notes

Levels and vault maps discovered:
D:1:      matt_arrival_debris, layout_basic, hex_medium, dreamdust_wishing_well
D:2:      layout_loops_ring, ebering_ecumenical_altar_sacrificial,
          serial_undead, serial_undead_e, serial_undead_d, serial_undead_d,
          serial_undead_a, serial_undead_f, bh_walls_and_bars
D:3:      layout_basic
D:4:      layout_basic, mainiacjoe_overflow_big_doors,
          nemelex_xobeh_ov_fountains_minmay
D:5:      layout_loops_corners, grunt_temple_overflow_lords_of_destruction,
          minmay_temple_entry_junction_2, minmay_misc_feat_nine_boxes,
          palyth_stone_intersect
D:6:      layout_basic, gammafunk_ghost_smash, minmay_ruined_shrine,
          uniq_grinder

Skill      XL: |  1  2  3  4  5  6  7  8  9 |
---------------+----------------------------+-----
Fighting       | 1 2 3 |  3.2
Armour         | 1 2 3 |  3.3
Stealth        | 2 3 |  3.5
Polearms       | 1 2 |  2.8
Dodging        | 3 4 |  4.4
Throwing       | 1 2 |  2.5
Invocations    | 1 2 3 |  3.0
Evocations     | 1 2 |  2.9
Spellcasting   | 4 |  4.5
Conjurations   | 4 |  4.5
Hexes          | 4 |  4.5
Summonings     | 4 |  4.5
Necromancy     | 4 |  4.5
Translocations | 4 |  4.5
Fire Magic     | 4 |  4.5
Ice Magic      | 4 |  4.5
Air Magic      | 4 |  4.5
Earth Magic    | 4 |  4.5
Alchemy        | 4 |  4.5
Shields        | 1 |  1.9
Staves         | 1 |  1.0

Action                     |  1- 3 |  4- 6 |  7- 9 || total
---------------------------+-------+-------+-------++-------
  Melee: Unarmed           |     1 |       |       ||     1
         Spear             |    51 |    55 |    61 ||   167
         Punch             |       |     1 |       ||     1
         Quarterstaff      |       |       |    12 ||    12
  Throw: Boomerang         |       |       |    10 ||    10
         Throwing net      |       |       |     3 ||     3
   Cast: Freeze            |    29 |    10 |     6 ||    45
         Frozen Ramparts   |       |     9 |    10 ||    19
         Scorch            |       |    17 |    32 ||    49
         Sigil of Binding  |       |       |     2 ||     2
  Evoke: Wand              |       |     1 |    17 ||    18
    Use: Scroll            |     2 |     7 |     4 ||    13
         Potion            |     2 |     4 |     1 ||     7
 Armour: Robe              |    75 |    57 |    74 ||   206
         Skin              |       |       |     7 ||     7
  Dodge: Dodged            |    64 |    60 |    79 ||   203
  Block: Kite shield       |       |       |    42 ||    42
